 Dungeon Crawl Stone Soup version 0.32-a0-128-g77eb882913 (webtiles) character file.

Game seed: 14652921157429067407

566 Dittersdorf the Shield-Bearer (level 7, -2/44 HPs)
             Began as a Gargoyle Fighter on Feb 7, 2024.
             Was an Initiate of Gozag.
             Slain by an ogre
             ... wielding a +0 giant club
              (5 damage)
             ... on level 4 of the Dungeon.
             The game lasted 00:05:49 (3941 turns).

Dittersdorf the Shield-Bearer (Gargoyle Fighter)    Turns: 3941, Time: 00:05:50

Health: -2/44      AC: 12    Str: 22    XL:     7   Next: 32%
Magic:  7/7        EV:  9    Int:  8    God:    Gozag
Gold:   289        SH:  4    Dex:  9    Spells: 6/6 levels left

rFire   + . .        a - +0 flail
rCold   + . .        c - +0 buckler
rNeg    + . .        b - +0 scale mail
rPois   ∞            (no helmet)
rElec   +            i - scarf {rC+ rF+}
rCorr   .            (no gloves)
SInv    .            (no boots)
Will    .....        (no amulet) Stlth
                     k - ring of wizardry
HPRegen 0.27/turn    (no ring)
MPRegen 0.10/turn

%: wizardry (x1)
@: no status effects
A: sickness immunity, AC +4, negative energy resistance 1, electricity
resistance, torment resistance 1, petrification resistance
a: Renounce Religion, Potion Petition, Call Merchant, Bribe Branch


You were on level 4 of the Dungeon.
You worshipped Gozag.
Gozag was aware of your devotion.
You visited 2 branches of the dungeon, and saw 6 of its levels.

You collected 339 gold pieces.
You paid 50 gold pieces to Gozag.

Inventory:

Hand Weapons
 a - a +0 flail (weapon)
Armour
 b - a +0 scale mail (worn)
 c - a +0 buckler (worn)
 i - a scarf of resistance (worn)
Jewellery
 k - a ring of wizardry (left hand)
Scrolls
 f - 3 scrolls of teleportation {unknown}
 g - 2 scrolls of fog {unknown}
 h - a scroll of brand weapon {unknown}
 j - 2 scrolls of immolation {unknown}
 m - a scroll of enchant armour {unknown}
 p - a scroll of enchant weapon {unknown}
 q - 4 scrolls of identify {unknown}
 r - a scroll of fear {unknown}
 s - a scroll of revelation {unknown}
 t - a scroll of amnesia {unknown}
 u - a scroll of noise {unknown}
 v - a scroll of blinking {unknown}
Potions
 d - a potion of might
 e - 3 potions of curing {unknown}
 l - 3 potions of enlightenment {unknown}
 n - a potion of resistance {unknown}
 o - 2 potions of mutation {unknown}
 w - a potion of attraction {unknown}


   Skills:
 + Level 5.3 Fighting
 + Level 4.2 Maces & Flails
 + Level 5.2 Armour
 + Level 5.3 Shields


You had 6 spell levels left.
You didn't know any spells.
Your spell library contained the following spells:

 Spells                   Type           Power      Damage    Failure   Level
 Slow                     Hex            0%         N/A       45%         1
 Summon Small Mammal      Summ           0%         N/A       45%         1
 Ensorcelled Hibernation  Hex/Ice        0%         N/A       58%         2
 Call Canine Familiar     Summ           0%         N/A       80%         3
 Confusing Touch          Hex            0%         N/A       80%         3
 Fugue of the Fallen      Necr           0%         N/A       80%         3
 Sigil of Binding         Hex            0%         N/A       80%         3
 Vampiric Draining        Necr           0%         2d6       80%         3
 Anguish                  Hex/Necr       0%         N/A       99%         4
 Summon Blazeheart Golem  Fire/Summ      0%         N/A       99%         4


Dungeon Overview and Level Annotations

Branches:
Dungeon (5/15)             Temple (1/1) D:4

Altars:
Ashenzari
Cheibriados
Dithmenos
Elyvilon
Fedhas
Gozag
Hepliaklqana
Kikubaaqudgha
Makhleb
Nemelex Xobeh
Okawaru
Qazlal
Ru
Trog
Uskayaw
Vehumet
Wu Jian
Xom
Yredelemnul
Zin


Innate Abilities, Weirdness & Mutations

You are immune to sickness and miasma.
Your stone body is resilient. (AC +4)
You are immune to poison.
You resist negative energy. (rN+)
You are resistant to electric shocks. (rElec)
You are resistant to unholy torment.
You are immune to petrification.


Message History

The gnoll hits you with a +0 flail.
You sock the gnoll!
The gnoll is almost dead.
The gnoll hits you but does no damage.
You hit the gnoll.
You kill the gnoll!
You now have 289 gold pieces (gained 10).
Things that are here:
a +0 flail; a +0 club You start resting.
HP restored.
There is a stone staircase leading down here.
You climb downwards.
There is a stone staircase leading up here.
A gnoll comes into view. It is wielding a +0 halberd.
The ogre hits you with a +0 giant club!
You climb upwards.
There is a stone staircase leading down here.
You hit the ogre.
The ogre is lightly wounded.
You barely miss the ogre.
The ogre is lightly wounded.
The ogre hits you with a +0 giant club!!
Ouch! That really hurt!
* * * LOW HITPOINT WARNING * * *
You are too injured to fight recklessly!
You are too injured to fight recklessly!
You are too injured to fight recklessly!
You are too injured to fight recklessly!
You are too injured to fight recklessly!
You are too injured to fight recklessly!
You hit the ogre.
The ogre is moderately wounded.
The ogre hits you with a +0 giant club!
* * * LOW HITPOINT WARNING * * *
You sock the ogre!
The ogre is severely wounded.
The ogre hits you with a +0 giant club.
You die...
Your body crumbles into a pile of gold.

.....##.#.# #.# #..##.#
......#.#.# #.# #..##.#
........#.# #.# #..##.#
........#.# #.# #..##.#
.......##.# #.# #..##.#
......###.# #)# #..##.#
########
.....####.####.###..##.#
#.......
....................##.#
#.######
.......##.......@O.###.#
#)# .#.#################
#.###.###### ##.#
#...........
#.##############
#####.######
#..............# #.#
##############.# #.#
#)##########.#
#.....>......#
##############


You could see an ogre.

Vanquished Creatures
  Eustachio (Temple)
  A phantom (D:4)
  A howler monkey (D:5)
  A bombardier beetle (D:3)
  2 jellies (D:4)
  2 orc wizards (D:4)
  6 adders
  3 gnolls
  2 dart slugs
  A ribbon worm (D:2)
  2 orcs (D:4)
  11 endoplasms
  2 giant cockroaches
  10 goblins
  5 hobgoblins
  6 kobolds
  6 quokkas
  6 ball pythons
  2 bats
  10 frilled lizards
  8 rats
88 creatures vanquished.

Vanquished Creatures (others)
  An orc wizard (D:4)
1 creature vanquished.

Grand Total: 89 creatures vanquished

Notes
Turn   | Place    | Note
-------+----------+-------------------------------------------
     0 | D:1      | Dittersdorf the Gargoyle Fighter began the quest for the
                  | Orb.
     0 | D:1      | Reached XP level 1. HP: 14/14 MP: 1/1
    98 | D:1      | Reached XP level 2. HP: 16/19 MP: 2/2
   511 | D:1      | Reached XP level 3. HP: 23/23 MP: 3/3
  1296 | D:2      | Reached XP level 4. HP: 27/29 MP: 4/4
  1777 | D:3      | Found a faded altar of an unknown god.
  2402 | D:3      | Reached XP level 5. HP: 27/33 MP: 5/5
  2437 | D:4      | Found a staircase to the Ecumenical Temple.
  2454 | D:4      | Noticed Eustachio
  2457 | Temple   | Entered the Ecumenical Temple
  2467 | Temple   | Became a worshipper of Gozag Ym Sagoz the Greedy
  2497 | Temple   | Killed Eustachio
  2498 | Temple   | Reached XP level 6. HP: 21/39 MP: 6/6
  2938 | D:4      | Reached skill level 5 in Fighting
  2938 | D:4      | Reached skill level 5 in Armour
  2938 | D:4      | Reached skill level 5 in Shields
  2938 | D:4      | Reached XP level 7. HP: 34/44 MP: 7/7
  3565 | D:5      | Entered Level 5 of the Dungeon
  3941 | D:4      | Slain by an ogre

Illustrated notes

Levels and vault maps discovered:
D:1:      tarquinn_simple_flora_water_a, layout_basic, minmay_quantized
D:2:      layout_basic
D:3:      minmay_skewed_foursquare, layout_loops_ring,
          shapermc_ecumenical_altar_hornbeckon
D:4:      layout_loops_ring, minmay_temple_entry_offerings, uniq_eustachio
D:5:      layout_cave_pools, grunt_ministairs_9, serial_bayou_pond_b,
          serial_park_tiny_1
Temple:   nicolae_temple_bog_church

Skill      XL: |  1  2  3  4  5  6 |
---------------+-------------------+-----
Fighting       | 4 5 |  5.3
Shields        | 4 5 |  5.3
Armour         | 4 5 |  5.2
Maces & Flails | 3 4 |  4.2

Action                     |  1- 3 |  4- 6 |  7- 9 || total
---------------------------+-------+-------+-------++-------
  Melee: Flail             |   112 |   164 |    60 ||   336
 Armour: Scale mail        |    68 |   149 |    57 ||   274
  Dodge: Dodged            |    53 |    89 |    28 ||   170
  Block: Buckler           |    20 |    38 |    10 ||    68

Table legend: (Time is in decaauts)
 A = Elapsed time spent in this place.
 B = Non-inter-level travel time spent in this place.
 C = Inter-level travel time spent in this place.
 D = Time resting spent in this place.
 E = Time spent auto-exploring this place.
 F = Levels seen in this place.
 G = Mean time per level.
                   A        B        C        D        E       F      G
               +--------+--------+--------+--------+--------+-----+--------+
         Total |   4044 |   3797 |    247 |    366 |   2604 |   6 |  674.0 |
       Dungeon |   3801 |   3572 |    229 |    187 |   2604 |   5 |  760.2 |
        Temple |    243 |    225 |     18 |    179 |      0 |   1 |  243.0 |
               +--------+--------+--------+--------+--------+-----+--------+

Top non-repeatable levels by time:
     D:4: 1245 daAuts
     D:3: 918 daAuts
     D:2: 808 daAuts
     D:1: 797 daAuts
  Temple: 243 daAuts
     D:5: 30 daAuts
